General information
- name: BNet
- type: Ladder team game (AT/RT)
- host: Battle.net
- saver: MomoiroMizrahi
map: FullScaleAssault
- players: 8
- length: 23:35
- speed: Fast
- version: 1.26 W3XP
- replay type: Public
» download(157 KB)
Players
team 1 (winner)

»
AdoreMe (
green | 77 APM | 1817 actions | 23:34)
6 Archmage
3 Summon Water Elemental
3 Brilliance Aura
2 Paladin
1 Holy Light
1 Divine Shield
» actions
| Assign group hotkey | 50 | |
| Basic commands | 2 | |
| Build / train | 96 | |
| Enter build submenu | 27 | |
| Enter hero's abilities submenu | 8 | |
| Give item / drop item | 5 | |
| Right click | 837 | |
| Select / deselect | 378 | |
| Select group hotkey | 306 | |
| Use ability | 108 | |
1817 total
» units
| Peasant | 23 | |
| Rifleman | 11 | |
| Goblin Shredder | 1 | |
| Goblin Zeppelin | 2 | |
| Siege Engine | 3 | |
| Flying Machine | 4 | |
| Mortar Team | 3 | |
| Sorceress | 1 | |
| Priest | 1 | |
49 total
» upgrades
| Gunpowder | 2 | |
| Armor | 1 | |
| Barrage | 1 | |
| Flak Cannons | 1 | |
| Plating | 2 | |
| Fragmentation Shards | 1 | |
8 total
» buildings
| Farm | 12 | |
| Altar of Kings | 1 | |
| Blacksmith | 1 | |
| Barracks | 1 | |
| Arcane Vault | 1 | |
| Town Hall | 3 | |
| Keep | 1 | |
| Scout Tower | 11 | |
| Lumber Mill | 1 | |
| Castle | 1 | |
| Guard Tower | 4 | |
| Workshop | 3 | |
| Arcane Sanctum | 2 | |
42 total
» build order
01:07 Farm
01:22 Altar of Kings
01:37 Blacksmith
01:41 Farm
01:52 Barracks
02:10 Arcane Vault
02:12 Farm
02:56 Farm
04:08 Farm
04:42 Town Hall
05:21 Keep
06:04 Scout Tower
06:05 Scout Tower
06:05 Scout Tower
07:13 Lumber Mill
07:49 Scout Tower
07:50 Scout Tower
07:56 Farm
07:58 Castle
08:23 Guard Tower
08:56 Scout Tower
08:57 Scout Tower
08:57 Scout Tower
08:58 Scout Tower
08:58 Scout Tower
09:07 Workshop
09:08 Workshop
09:09 Workshop
10:00 Guard Tower
10:04 Town Hall
10:22 Guard Tower
10:53 Farm
11:32 Farm
14:27 Town Hall
14:42 Farm
14:51 Farm
14:58 Farm
16:18 Guard Tower
17:05 Arcane Sanctum
17:08 Arcane Sanctum
22:55 Scout Tower
» items
| Scroll of Regeneration | 8 | |
| Lesser Clarity Potion | 2 | |
| Scroll of Town Portal | 7 | |
| Potion of Healing | 2 | |
19 total
MomoiroMizrahi (
pink | 52 APM | 1224 actions | 23:35)
3 Keeper of the Grove
2 Entangling Roots
1 Thorns Aura
» actions
| Basic commands | 7 | |
| Build / train | 63 | |
| ESC pressed | 1 | |
| Enter build submenu | 4 | |
| Enter hero's abilities submenu | 3 | |
| Give item / drop item | 1 | |
| Right click | 851 | |
| Select / deselect | 218 | |
| Use ability | 76 | |
1224 total
» units
| Wisp | 39 | |
| Goblin Sapper | 1 | |
| Goblin Shredder | 1 | |
41 total
» buildings
| Altar of Elders | 2 | |
| Moon Well | 1 | |
| Tree of Life | 1 | |
4 total
» build order
00:07 Altar of Elders
00:09 Moon Well
00:13 Altar of Elders
22:33 Tree of Life
» items
| Staff of Teleportation | 1 | |
| Boots of Speed | 2 | |
| Tiny Great Hall | 8 | |
| Scroll of Town Portal | 6 | |
| Potion of Invisibility | 1 | |
18 total
Animale (
blue | 45 APM | 933 actions | 20:35)
4 Crypt Lord
2 Carrion Beetles
2 Spiked Carapace
3 Dreadlord
2 Vampiric Aura
1 Carrion Swarm
» actions
| Assign group hotkey | 19 | |
| Basic commands | 84 | |
| Build / train | 48 | |
| Enter build submenu | 27 | |
| Enter hero's abilities submenu | 7 | |
| Give item / drop item | 1 | |
| Remove unit from queue | 1 | |
| Right click | 380 | |
| Select / deselect | 265 | |
| Select group hotkey | 68 | |
| Use ability | 33 | |
933 total
» units
| Acolyte | 12 | |
| Ghoul | 4 | |
| Crypt Fiend | 3 | |
| Frost Wyrm | 4 | |
23 total
» upgrades
| Creature Attack | 3 | |
| Creature Carapace | 3 | |
| Web | 1 | |
| Ghoul Frenzy | 1 | |
8 total
» buildings
| Ziggurat | 14 | |
| Altar of Darkness | 1 | |
| Crypt | 1 | |
| Graveyard | 1 | |
| Tomb of Relics | 2 | |
| Necropolis | 2 | |
| Halls of the Dead | 1 | |
| Spirit Tower | 1 | |
| Nerubian Tower | 1 | |
| Black Citadel | 1 | |
| Sacrificial Pit | 1 | |
| Boneyard | 3 | |
29 total
» build order
00:10 Ziggurat
00:18 Altar of Darkness
00:34 Crypt
01:01 Graveyard
01:17 Ziggurat
01:30 Tomb of Relics
02:38 Ziggurat
04:46 Necropolis
05:21 Ziggurat
05:34 Ziggurat
05:47 Ziggurat
07:31 Halls of the Dead
07:38 Spirit Tower
08:05 Ziggurat
08:10 Tomb of Relics
09:01 Nerubian Tower
10:06 Black Citadel
10:14 Sacrificial Pit
11:01 Ziggurat
12:29 Boneyard
12:31 Boneyard
12:32 Boneyard
14:06 Ziggurat
14:09 Ziggurat
14:11 Ziggurat
14:13 Ziggurat
14:14 Ziggurat
14:15 Ziggurat
16:57 Necropolis
» items
| Rod of Necromancy | 1 | |
| Sacrificial Skull | 1 | |
| Orb of Corruption | 1 | |
3 total
L337er (
yellow | 68 APM | 1609 actions | 23:34)
5 Blademaster
2 Wind Walk
2 Critical Strike
1 Mirror Image
4 Tauren Chieftain
2 Endurance Aura
2 War Stomp
1 Dreadlord
1 Sleep
» actions
| Basic commands | 42 | |
| Build / train | 107 | |
| Enter build submenu | 19 | |
| Enter hero's abilities submenu | 10 | |
| Give item / drop item | 1 | |
| Right click | 577 | |
| Select / deselect | 751 | |
| Use ability | 102 | |
1609 total
» units
| Peon | 16 | |
| Raider | 23 | |
| Troll Batrider | 21 | |
60 total
» upgrades
| Ranged Weapons | 2 | |
| Melee Weapons | 3 | |
| Armor | 1 | |
| Ensnare | 1 | |
| Pillage | 1 | |
| Liquid Fire | 1 | |
| Envenomed Spears | 1 | |
10 total
» buildings
| Altar of Storms | 1 | |
| Orc Burrow | 9 | |
| War Mill | 1 | |
| Voodoo Lounge | 2 | |
| Watch Tower | 5 | |
| Stronghold | 1 | |
| Fortress | 1 | |
| Beastiary | 6 | |
26 total
» build order
00:10 Altar of Storms
00:15 Orc Burrow
00:26 War Mill
01:12 Voodoo Lounge
02:09 Orc Burrow
02:22 Watch Tower
02:33 Stronghold
03:04 Orc Burrow
03:23 Orc Burrow
03:24 Orc Burrow
04:00 Watch Tower
04:03 Watch Tower
04:54 Fortress
04:58 Beastiary
04:59 Beastiary
05:00 Beastiary
05:03 Beastiary
05:09 Beastiary
05:14 Beastiary
06:19 Orc Burrow
07:31 Voodoo Lounge
09:36 Orc Burrow
09:37 Orc Burrow
09:40 Orc Burrow
13:12 Watch Tower
13:14 Watch Tower
» items
| Healing Salve | 6 | |
| Lesser Clarity Potion | 3 | |
| Scroll of Speed | 2 | |
| Potion of Healing | 3 | |
| Orb of Lightning | 2 | |
| Tiny Great Hall | 2 | |
| Scroll of Town Portal | 4 | |
22 total
team 2 (loser)
Exodis (
purple | 64 APM | 1311 actions | 20:31)
5 Keeper of the Grove
3 Entangling Roots
2 Thorns Aura
» actions
| Assign group hotkey | 18 | |
| Basic commands | 4 | |
| Build / train | 51 | |
| Enter build submenu | 22 | |
| Enter hero's abilities submenu | 5 | |
| Give item / drop item | 3 | |
| Remove unit from queue | 2 | |
| Right click | 550 | |
| Select / deselect | 181 | |
| Select group hotkey | 423 | |
| Use ability | 52 | |
1311 total
» units
| Wisp | 16 | |
| Archer | 12 | |
| Hippogryph | 5 | |
| Chimaera | 2 | |
35 total
» upgrades
| Improved Bows | 1 | |
| Strength of the Wild | 1 | |
| Reinforced Hides | 1 | |
| Strength of the Moon | 1 | |
| Well Spring | 1 | |
5 total
» buildings
| Altar of Elders | 1 | |
| Moon Well | 8 | |
| Ancient of War | 1 | |
| Tree of Ages | 1 | |
| Hunter's Hall | 1 | |
| Tree of Life | 1 | |
| Ancient Protector | 4 | |
| Ancient of Wonders | 1 | |
| Tree of Eternity | 1 | |
| Ancient of Wind | 1 | |
| Chimaera Roost | 3 | |
23 total
» build order
00:27 Altar of Elders
00:33 Moon Well
00:48 Ancient of War
01:26 Moon Well
01:46 Moon Well
04:47 Tree of Ages
05:07 Hunter's Hall
05:13 Moon Well
06:00 Moon Well
06:44 Tree of Life
06:59 Ancient Protector
07:01 Ancient Protector
07:38 Moon Well
08:15 Ancient of Wonders
09:16 Tree of Eternity
10:40 Ancient Protector
11:43 Ancient of Wind
11:49 Ancient Protector
12:21 Moon Well
12:21 Moon Well
13:56 Chimaera Roost
13:58 Chimaera Roost
13:59 Chimaera Roost
» items
new2thegame (
red | 36 APM | 839 actions | 23:29)
4 Blademaster
2 Wind Walk
2 Critical Strike
» actions
| Build / train | 50 | |
| Enter build submenu | 37 | |
| Enter hero's abilities submenu | 4 | |
| Give item / drop item | 2 | |
| Right click | 390 | |
| Select / deselect | 278 | |
| Use ability | 78 | |
839 total
» units
| Peon | 13 | |
| Troll Headhunter/Berserker | 6 | |
| Goblin Shredder | 1 | |
| Goblin Zeppelin | 2 | |
| Wind Rider | 3 | |
| Troll Batrider | 4 | |
| Goblin Sapper | 3 | |
32 total
» upgrades
| Troll Regeneration | 1 | |
| Spiked Barricades | 1 | |
| Reinforced Defenses | 1 | |
| Liquid Fire | 1 | |
4 total
» buildings
| Altar of Storms | 1 | |
| Orc Burrow | 5 | |
| Voodoo Lounge | 2 | |
| War Mill | 1 | |
| Barracks | 1 | |
| Stronghold | 1 | |
| Great Hall | 5 | |
| Beastiary | 3 | |
| Fortress | 1 | |
| Watch Tower | 17 | |
37 total
» build order
00:09 Altar of Storms
00:13 Orc Burrow
01:12 Voodoo Lounge
01:19 War Mill
01:48 Barracks
02:05 Orc Burrow
02:44 Orc Burrow
03:57 Stronghold
05:47 Great Hall
06:35 Beastiary
06:37 Beastiary
06:42 Beastiary
07:00 Orc Burrow
07:40 Fortress
07:59 Orc Burrow
09:45 Great Hall
09:47 Watch Tower
10:57 Watch Tower
11:00 Watch Tower
11:02 Watch Tower
11:04 Watch Tower
11:51 Great Hall
13:22 Great Hall
13:24 Watch Tower
13:26 Watch Tower
13:27 Watch Tower
13:30 Watch Tower
13:39 Watch Tower
15:53 Watch Tower
15:55 Watch Tower
16:04 Voodoo Lounge
17:23 Great Hall
17:32 Watch Tower
17:33 Watch Tower
17:35 Watch Tower
17:37 Watch Tower
17:40 Watch Tower
» items
| Healing Salve | 3 | |
| Potion of Healing | 1 | |
| Potion of Mana | 1 | |
| Scroll of Town Portal | 1 | |
| Orb of Lightning | 1 | |
7 total
olympicman (
orange | 51 APM | 1049 actions | 20:33)
4 Blademaster
2 Wind Walk
2 Critical Strike
2 Shadow Hunter
1 Healing Wave
1 Hex
1 Tauren Chieftain
1 War Stomp
» actions
| Assign group hotkey | 17 | |
| Basic commands | 1 | |
| Build / train | 43 | |
| Enter build submenu | 19 | |
| Enter hero's abilities submenu | 8 | |
| Give item / drop item | 4 | |
| Right click | 489 | |
| Select / deselect | 160 | |
| Select group hotkey | 247 | |
| Use ability | 61 | |
1049 total
» units
» upgrades
| Armor | 1 | |
| Ranged Weapons | 1 | |
| Envenomed Spears | 1 | |
3 total
» buildings
| Orc Burrow | 7 | |
| Altar of Storms | 1 | |
| Voodoo Lounge | 3 | |
| Stronghold | 1 | |
| War Mill | 1 | |
| Fortress | 1 | |
| Great Hall | 4 | |
| Beastiary | 3 | |
21 total
» build order
00:08 Orc Burrow
00:13 Altar of Storms
00:56 Voodoo Lounge
02:41 Stronghold
03:21 Orc Burrow
03:40 War Mill
04:15 Orc Burrow
05:13 Fortress
05:41 Great Hall
06:01 Beastiary
06:06 Beastiary
06:11 Beastiary
07:39 Voodoo Lounge
07:42 Voodoo Lounge
09:04 Orc Burrow
12:31 Great Hall
13:16 Great Hall
17:08 Great Hall
19:39 Orc Burrow
19:43 Orc Burrow
19:45 Orc Burrow
» items
| Healing Salve | 1 | |
| Lesser Clarity Potion | 1 | |
| Circlet of Nobility | 1 | |
| Orb of Lightning | 3 | |
6 total
Alrightythen (
teal | 23 APM | 539 actions | 23:34)
5 Priestess of the Moon
3 Searing Arrows
2 Trueshot Aura
» actions
| Assign group hotkey | 7 | |
| Build / train | 59 | |
| Enter build submenu | 21 | |
| Enter hero's abilities submenu | 5 | |
| Right click | 187 | |
| Select / deselect | 190 | |
| Select group hotkey | 33 | |
| Use ability | 37 | |
539 total
» units
» upgrades
| Strength of the Wild | 1 | |
| Reinforced Hides | 2 | |
| Ultravision | 1 | |
| Abolish Magic | 1 | |
5 total
» buildings
| Altar of Elders | 1 | |
| Ancient of War | 1 | |
| Moon Well | 8 | |
| Tree of Ages | 1 | |
| Hunter's Hall | 1 | |
| Ancient of Lore | 2 | |
| Ancient of Wonders | 1 | |
| Tree of Life | 3 | |
| Ancient Protector | 3 | |
| Watch Tower | 1 | |
| Stronghold | 1 | |
23 total
» build order
00:09 Altar of Elders
00:26 Ancient of War
00:35 Moon Well
01:43 Moon Well
02:41 Moon Well
03:02 Tree of Ages
03:59 Hunter's Hall
04:57 Moon Well
05:11 Moon Well
05:32 Ancient of Lore
05:37 Ancient of Lore
05:41 Ancient of Wonders
07:29 Tree of Life
09:46 Moon Well
11:05 Moon Well
12:39 Tree of Life
12:45 Ancient Protector
13:59 Moon Well
19:31 Ancient Protector
19:34 Ancient Protector
21:05 Tree of Life
21:21 Watch Tower
23:28 Stronghold
» items
| Boots of Speed | 1 | |
| Staff of Teleportation | 1 | |
| Scroll of Town Portal | 2 | |
4 total
Chat log
(00:02 / Allies) MomoiroMizrahi: feed for rush
(00:08 / All) Exodis: yo was good ma niggas
(00:18 / All) Exodis: why do beef patties look like poop wrapped in dough?
(00:23 / Allies) MomoiroMizrahi: two barracks
(00:24 / Allies) AdoreMe: guns expo
(00:25 / Allies) MomoiroMizrahi: and end this
(00:27 / Allies) MomoiroMizrahi: mass grunts
(00:28 / Allies) MomoiroMizrahi: go go
(00:31 / All) new2thegame: Wut up
(00:38 / Allies) Animale: okay pink
(00:44 / All) new2thegame: wats up
(00:45 / Allies) MomoiroMizrahi: me feeding yellow
(00:50 / Allies) MomoiroMizrahi: rush here
(00:56 / All) new2thegame: wut wut wut wut wats up
(01:08 / All) new2thegame: wu wu wu wuts up
(01:27 / Allies) MomoiroMizrahi: no two barrackls
(01:28 / Allies) MomoiroMizrahi: yellow?
(01:30 / All) new2thegame: waaaassssssuuuuppppp
(01:36 / All) Exodis: WAZAAAAAAP:
(01:40 / Allies) MomoiroMizrahi: then tech to wind riders then
(01:51 / Allies) MomoiroMizrahi: darn it
(01:55 / Allies) MomoiroMizrahi: rushing on this map
(01:58 / Allies) MomoiroMizrahi: is great
(02:02 / Allies) MomoiroMizrahi: and he refuses
(02:04 / Allies) L337er: homie, manage your own cap
(02:15 / Allies) MomoiroMizrahi: still
(02:19 / Allies) MomoiroMizrahi: got no choice
(02:22 / Allies) MomoiroMizrahi: but to feed him
(02:22 / Allies) MomoiroMizrahi: now
(02:51 / Allies) MomoiroMizrahi: I feed human some lumber
(02:58 / All) Exodis: said that ima ride for my muhfugin nigga
(03:06 / All) Exodis: most likely ima die wit my finga on duh trigguh
(03:18 / All) Exodis: iv'e been grindin outside owl day wit my nugguhs
(03:58 / Allies) AdoreMe: don't need
(03:59 / Allies) AdoreMe: stop.
(05:19 / Allies) MomoiroMizrahi: hope feeding yellow
(05:23 / Allies) MomoiroMizrahi: will worth it
(05:46 / Allies) AdoreMe: think no units is a good idea?
(05:56 / Allies) MomoiroMizrahi: it would had been a good idea
(05:59 / Allies) MomoiroMizrahi: if you guys
(06:01 / Allies) MomoiroMizrahi: would had rushed
(06:06 / Allies) MomoiroMizrahi: but we may lose now
(06:17 / Allies) MomoiroMizrahi: why are
(06:18 / Allies) MomoiroMizrahi: you
(06:22 / Allies) MomoiroMizrahi: still tier 1>?
(06:25 / Allies) MomoiroMizrahi: you dork
(06:57 / Allies) MomoiroMizrahi: wow
(07:00 / Allies) MomoiroMizrahi: still tier 1
(07:08 / Allies) MomoiroMizrahi: it's not funny blue
(07:10 / Allies) MomoiroMizrahi: seriously
(07:15 / Allies) MomoiroMizrahi: look at yellow
(07:18 / Allies) MomoiroMizrahi: got fort already
(07:22 / Allies) MomoiroMizrahi: and you're a prick
(09:13 / Allies) MomoiroMizrahi: go hit
(09:15 / Allies) MomoiroMizrahi: opr something
(09:16 / Allies) MomoiroMizrahi: yellow
(13:52 / Allies) AdoreMe: let if all
(13:56 / Allies) Animale: forget
(14:22 / Allies) MomoiroMizrahi: i expoed
(14:23 / Allies) MomoiroMizrahi: lol
(15:03 / Allies) AdoreMe: gonna gp
(18:22 / Allies) AdoreMe: yikes
(19:01 / Allies) Animale: wait yellow
(20:35 / All) MomoiroMizrahi: gotten
(20:37 / All) MomoiroMizrahi: a free win
(20:50 / All) new2thegame: good hack tho
(20:55 / All) MomoiroMizrahi: i did not hacked
(20:57 / All) MomoiroMizrahi: though
(21:00 / All) new2thegame: lol ok
(21:52 / All) new2thegame: excellent hack
(23:20 / All) new2thegame: lol
(23:25 / All) new2thegame: the best hack ive seen to date